Inferno vs Gangsters
(R1)
Created - 25 octobre 2014 at 19:10
Goals
|
Inferno |
2 |
1 |
0 |
0 |
3 |
Gangsters |
0 |
3 |
0 |
1 |
4 |
|
Shots
|
Inferno |
7 |
15 |
5 |
0 |
27 |
Gangsters |
10 |
14 |
2 |
2 |
28 |
|
1st period
1. Inferno , Vladimir Sobotka 2 (Vladimir Zharkov, Brad Marchand) at 13:43
2. Inferno , Pavel Vorobiev 7 (Colin Wilson, Andrej Sekera) at 14:18
Penalties :
Matt Kassian (Anc) for Holding (Minor) at 3:08, Simon Danis-Pepin (Anc) for Hooking (Minor) at 7:32, Matt Kassian (Anc) for Elbowing (Minor) at 15:36, Stephane Veilleux (Anc) for Hooking (Minor) at 19:35
2nd period
3. Gangsters , Alexandre Bolduc 9 (Ryan Jones, Bryan Young) at 0:12 (PP)
4. Inferno , Travis Hamonic 4 (Colin Wilson, Stephane Veilleux) at 12:43 (PP)
5. Gangsters , Ryan Jones 5 (Igor Radulov, Alexandre Bolduc) at 13:19 (PP)
6. Gangsters , Colten Teubert 1 (Mikko Lehtonen, Jaroslav Balastik) at 14:27 (PP)
Penalties :
Mikko Lehtonen (Bro) for Interference (Minor) at 3:33, Brian Boyle (Anc) for Goalie Interference (Minor) at 7:41, Michael Sdao (Bro) for Holding (Minor) at 11:58, Jonathan Ferland (Anc) for Hooking (Minor) at 12:53, Yannick Weber (Anc) for Hooking (Minor) at 14:10
3rd period
No Goal
Penalties :
Igor Radulov (Bro) for Unsportsmanlike conduct (Major / Game Misconduct) at 1:31, Ryan Jones (Bro) for Roughing (Minor) at 13:51, Brian Boyle (Anc) for Hooking (Minor) at 15:59, Mikko Lehtonen (Bro) for Hooking (Minor) at 18:20
Overtime #1
7. Gangsters , Alexandre Bolduc 10 (Chris Bourque) at 2:36
Penalties :
No Penalty
Goalie Stats
Josh Harding (Anc), 24 saves from 28 shots - (0,857), OTL, 7-4-1, 62:36 minutes
David LeNeveu (Bro), 24 saves from 27 shots - (0,889), W, 6-2-3, 62:36 minutes
Players Stats for Inferno
Player Name G A P +/- PIM S H SB GA TA FO MP PP MP PK MP
------------------------------------------------------------------------------------
Alex Berry 0 0 0 0 0 1 0 0 0 0 0/0 8:42 1:11 0:00
Andrej Sekera 0 1 1 1 0 2 3 4 1 1 0/0 29:58 6:36 6:52
Brad Marchand 0 1 1 0 0 0 2 0 0 0 1/5 21:42 5:25 4:48
Brendan Mikkelson 0 0 0 0 0 1 1 1 0 0 0/0 22:29 3:38 4:23
Brian Boyle 0 0 0 -1 4 2 0 0 1 0 8/14 14:25 1:10 4:31
Colin Wilson 0 2 2 1 0 4 0 0 1 0 4/5 16:33 4:21 2:47
David Ullstrom 0 0 0 1 0 1 0 0 1 0 0/0 10:39 0:24 0:00
Jonathan Ferland 0 0 0 0 2 1 1 0 1 1 0/0 22:45 5:25 6:02
Mark Mitera 0 0 0 0 0 0 1 0 0 0 0/0 14:34 1:07 4:23
Matt Kassian 0 0 0 0 4 4 0 0 0 0 0/0 8:07 1:11 0:00
Patrik Berglund 0 0 0 0 0 2 3 1 0 0 11/26 18:16 5:26 1:19
Pavel Vorobiev 1 0 1 1 0 2 2 1 0 0 0/0 9:41 0:24 0:00
Simon Danis-Pepin 0 0 0 0 2 1 1 0 0 0 0/0 9:51 0:46 0:00
Stephane Veilleux 0 1 1 0 2 1 1 0 0 0 0/0 16:17 4:21 1:06
Travis Hamonic 1 0 1 1 0 1 1 2 1 1 0/0 29:57 6:36 6:52
Vladimir Sobotka 1 0 1 1 0 1 2 0 0 0 5/8 12:37 0:24 1:57
Vladimir Zharkov 0 1 1 1 0 0 1 1 0 0 0/0 14:32 4:21 0:00
Yannick Weber 0 0 0 0 2 3 0 2 1 0 0/0 17:56 3:59 0:00
Players Stats for Gangsters
Player Name G A P +/- PIM S H SB GA TA FO MP PP MP PK MP
------------------------------------------------------------------------------------
Alexandre Bolduc 2 1 3 0 0 3 2 1 0 0 16/28 23:33 6:16 3:59
Artem Anisimov 0 0 0 -1 0 0 0 0 0 1 4/10 16:05 4:46 0:53
Ben Holmstrom 0 0 0 -1 0 0 0 0 0 0 1/3 7:29 0:13 0:00
Bryan Young 0 1 1 0 0 3 1 0 0 0 0/0 27:58 6:15 6:00
Chris Bourque 0 1 1 1 0 1 3 0 0 1 0/2 15:11 0:13 4:04
Colten Teubert 1 0 1 -1 0 2 0 2 0 0 0/0 23:35 5:00 4:20
Dave Dziurzynski 0 0 0 0 0 0 3 1 0 0 4/7 10:47 0:00 4:34
Igor Radulov 0 1 1 0 15 6 3 0 1 2 1/2 18:49 5:28 1:12
Jaroslav Balastik 0 1 1 -1 0 3 1 2 1 0 0/0 21:37 4:46 5:32
Matt Delahey 0 0 0 -1 0 0 1 4 0 1 0/0 23:33 5:00 4:20
Maxime Sauvé 0 0 0 0 0 3 3 1 1 0 2/5 14:02 0:48 2:15
Michael Sdao 0 0 0 0 2 0 0 2 0 0 0/0 10:56 0:00 1:21
Mikko Lehtonen 0 1 1 -1 4 2 0 0 0 0 0/0 15:43 4:46 0:00
Richard Panik 0 0 0 0 0 1 2 0 0 0 0/0 10:45 0:00 0:33
Ryan Jones 1 1 2 -1 2 3 0 0 0 1 1/1 18:56 6:29 0:00
Ryan Keller 0 0 0 0 0 0 0 0 0 0 0/0 0:36 0:00 0:00
Shaun Heska 0 0 0 0 0 1 1 2 0 1 0/0 27:58 6:15 6:00
Ville Koistinen 0 0 0 0 0 0 0 0 0 0 0/0 11:05 0:00 1:21
3 Stars
1 - Alexandre Bolduc (Bro)
2 - Pavel Vorobiev (Anc)
3 - Vladimir Sobotka (Anc)
Power Play
Inferno - 1 on 5 Attempt(s) - 20,00%
Gangsters - 3 on 8 Attempt(s) - 37,50%
Penalty Kill
Inferno - 5 on 8 Attempt(s) - 62,50%
- Score 0 goal in Penalty Kill
Gangsters - 4 on 5 Attempt(s) - 80,00%
- Score 0 goal in Penalty Kill
Official
Referees : Morton Dean and Kimmerly Greg
Linesman : Darren Gibbs and Ryan Galloway
Game Notes
12:43 of 2nd period - Inferno goal is going for a video replay. After video review, Goal.
Igor Radulov ejected from game at 1:31 of 3rd period
Finance
Level 1 -- Attendance: 1591 (79,55%) -- Ticket Income 55 685 $
Level 2 -- Attendance: 785 (78,50%) -- Ticket Income 11 775 $
Total Attendance: 2376 (79,20%)
Total Ticket Income: 67 460 $
Other Income: 3 373 $
Total Income: 70 833 $
Inferno
5 vs 5 Forward
Center Left Wing Right Wing Time % Phy DF OF
1 Patrik Berglund Brad Marchand Jonathan Ferland 40 1 2 2
2 Colin Wilson Stephane Veilleux Pavel Vorobiev 30 1 2 2
3 Vladimir Sobotka David Ullstrom Vladimir Zharkov 20 1 2 2
4 Brian Boyle Matt Kassian Alex Berry 10 1 2 2
5 vs 5 Defense
Defense Defense Time % Phy DF OF
1 Travis Hamonic Andrej Sekera 40 1 2 2
2 Brendan Mikkelson Yannick Weber 30 1 2 2
3 Simon Danis-Pepin Mark Mitera 20 1 2 2
4 Travis Hamonic Andrej Sekera 10 1 2 2
PowerPlay Forward
Center Left Wing Right Wing Time % Phy DF OF
1 Patrik Berglund Brad Marchand Jonathan Ferland 60 1 1 3
2 Colin Wilson Stephane Veilleux Vladimir Zharkov 40 1 1 3
PowerPlay Defense
Defense Defense Time % Phy DF OF
1 Travis Hamonic Andrej Sekera 60 1 1 3
2 Brendan Mikkelson Yannick Weber 40 1 1 3
Penalty Kill 4 Players Forward
Center Wing Time % Phy DF OF
1 Brian Boyle Jonathan Ferland 60 1 4 0
2 Vladimir Sobotka Brad Marchand 40 1 4 0
Penalty Kill 4 Players Defense
Defense Defense Time % Phy DF OF
1 Travis Hamonic Andrej Sekera 60 1 4 0
2 Brendan Mikkelson Mark Mitera 40 1 4 0
Penalty Kill - 3 Players Forward
Forward Time % Phy DF OF
1 Brad Marchand 60 1 4 0
2 Jonathan Ferland 40 1 4 0
Penalty Kill - 3 Players Defense
Defense Defense Time % Phy DF OF
1 Travis Hamonic Andrej Sekera 60 1 4 0
2 Brendan Mikkelson Mark Mitera 40 1 4 0
4 vs 4 Forward
Center Wing Time % Phy DF OF
1 Patrik Berglund Brad Marchand 60 1 2 2
2 Colin Wilson Jonathan Ferland 40 1 2 2
4 vs 4 Defense
Defense Defense Time % Phy DF OF
1 Travis Hamonic Andrej Sekera 60 1 2 2
2 Brendan Mikkelson Yannick Weber 40 1 2 2
Last Minutes Offensive
Center Left Wing Right Wing Defense Defense
Patrik Berglund Brad Marchand Jonathan Ferland Travis Hamonic Andrej Sekera
Last Minutes Defensive
Center Left Wing Right Wing Defense Defense
Patrik Berglund Brad Marchand Jonathan Ferland Travis Hamonic Andrej Sekera
Goaltenders
Starting : Josh Harding
Backup : Jonathan Boutin
Extra Forwards
Normal : Brad Marchand, Jonathan Ferland, Vladimir Zharkov - PP : Stephane Veilleux, Colin Wilson - PK : Brad Marchand
Extra Defensemen
Normal : Andrej Sekera, Travis Hamonic, Brendan Mikkelson - PP : Yannick Weber - PK : Brendan Mikkelson, Andrej Sekera
Penalty Shots
Patrik Berglund, Colin Wilson, Brad Marchand, Jonathan Ferland, Vladimir Zharkov
Gangsters
5 vs 5 Forward
Center Left Wing Right Wing Time % Phy DF OF
1 Alexandre Bolduc Igor Radulov Ryan Jones 40 1 2 2
2 Artem Anisimov Jaroslav Balastik Mikko Lehtonen 30 1 2 2
3 Maxime Sauvé Chris Bourque Richard Panik 20 1 2 2
4 Ben Holmstrom Dave Dziurzynski Igor Radulov 10 1 2 2
5 vs 5 Defense
Defense Defense Time % Phy DF OF
1 Shaun Heska Bryan Young 40 1 2 2
2 Colten Teubert Matt Delahey 30 1 2 2
3 Michael Sdao Ville Koistinen 20 1 2 2
4 Shaun Heska Bryan Young 10 1 2 2
PowerPlay Forward
Center Left Wing Right Wing Time % Phy DF OF
1 Alexandre Bolduc Igor Radulov Ryan Jones 60 1 2 2
2 Artem Anisimov Jaroslav Balastik Mikko Lehtonen 40 1 2 2
PowerPlay Defense
Defense Defense Time % Phy DF OF
1 Shaun Heska Bryan Young 60 1 2 2
2 Colten Teubert Matt Delahey 40 1 2 2
Penalty Kill 4 Players Forward
Center Wing Time % Phy DF OF
1 Igor Radulov Jaroslav Balastik 60 1 2 2
2 Chris Bourque Alexandre Bolduc 40 1 2 2
Penalty Kill 4 Players Defense
Defense Defense Time % Phy DF OF
1 Shaun Heska Bryan Young 60 1 2 2
2 Colten Teubert Matt Delahey 40 1 2 2
Penalty Kill - 3 Players Forward
Forward Time % Phy DF OF
1 Igor Radulov 60 1 2 2
2 Jaroslav Balastik 40 1 2 2
Penalty Kill - 3 Players Defense
Defense Defense Time % Phy DF OF
1 Shaun Heska Bryan Young 60 1 2 2
2 Colten Teubert Matt Delahey 40 1 2 2
4 vs 4 Forward
Center Wing Time % Phy DF OF
1 Igor Radulov Jaroslav Balastik 60 1 2 2
2 Chris Bourque Alexandre Bolduc 40 1 2 2
4 vs 4 Defense
Defense Defense Time % Phy DF OF
1 Shaun Heska Bryan Young 60 1 2 2
2 Colten Teubert Matt Delahey 40 1 2 2
Last Minutes Offensive
Center Left Wing Right Wing Defense Defense
Alexandre Bolduc Igor Radulov Ryan Jones Shaun Heska Bryan Young
Last Minutes Defensive
Center Left Wing Right Wing Defense Defense
Alexandre Bolduc Igor Radulov Ryan Jones Shaun Heska Bryan Young
Goaltenders
Starting : David LeNeveu
Backup : Dustin Tokarski
Extra Forwards
Normal : Maxime Sauvé, Ben Holmstrom, Dave Dziurzynski - PP : Maxime Sauvé, Ben Holmstrom - PK : Dave Dziurzynski
Extra Defensemen
Normal : Michael Sdao, Shaun Heska, Colten Teubert - PP : Michael Sdao - PK : Bryan Young, Colten Teubert
Penalty Shots
Igor Radulov, Jaroslav Balastik, Chris Bourque, Alexandre Bolduc, Ryan Jones
% Time on Ice - Inferno
Lines # - Real PCT - Wanted PCT - Time Play
Normal Forward
1 - 30% - 40% - 11:05
2 - 25% - 30% - 9:18
3 - 27% - 20% - 10:15
4 - 18% - 10% - 6:46
Normal Defense
1 - 39% - 40% - 14:40
2 - 35% - 30% - 13:06
3 - 23% - 20% - 8:27
4 - 3% - 10% - 1:11
PP Forward
1 - 59% - 60% - 6:41
2 - 41% - 40% - 4:40
PP Defense
1 - 65% - 60% - 7:22
2 - 35% - 40% - 3:59
PK Forward
1 - 83% - 60% - 9:18
2 - 17% - 40% - 1:57
PK Defense
1 - 61% - 60% - 6:52
2 - 39% - 40% - 4:23
PK3 Forward
1 - 0% - 60%
2 - 0% - 40%
PK3 Defense
1 - 0% - 60%
2 - 0% - 40%
44 Forward
1 - 100% - 60% - 2:36
2 - 0% - 40% - 0:00
44 Defense
1 - 53% - 60% - 1:23
2 - 47% - 40% - 1:13
Last Minute Offensive - 0:00
Last Minute Defensive - 0:00
Total
Forward - 62:36
Defense - 62:36
|
% Time on Ice - Gangsters
Lines # - Real PCT - Wanted PCT - Time Play
Normal Forward
1 - 36% - 40% - 13:20
2 - 28% - 30% - 10:23
3 - 21% - 20% - 8:01
4 - 15% - 10% - 5:40
Normal Defense
1 - 40% - 40% - 14:56
2 - 33% - 30% - 12:27
3 - 26% - 20% - 9:44
4 - 1% - 10% - 0:17
PP Forward
1 - 58% - 60% - 6:29
2 - 42% - 40% - 4:46
PP Defense
1 - 56% - 60% - 6:15
2 - 44% - 40% - 5:00
PK Forward
1 - 90% - 60% - 10:14
2 - 10% - 40% - 1:07
PK Defense
1 - 57% - 60% - 6:29
2 - 43% - 40% - 4:52
PK3 Forward
1 - 100% - 60% - 0:20
2 - 0% - 40% - 0:00
PK3 Defense
1 - 100% - 60% - 0:20
2 - 0% - 40% - 0:00
44 Forward
1 - 100% - 60% - 2:16
2 - 0% - 40% - 0:00
44 Defense
1 - 31% - 60% - 0:42
2 - 69% - 40% - 1:34
Last Minute Offensive - 0:00
Last Minute Defensive - 0:00
Total
Forward - 62:36
Defense - 62:36
|
Play by Play
1st period
0:01 of 1st period - Brad Marchand wins face-off versus Alexandre Bolduc in neutral zone.
0:45 of 1st period - Slapshot by Mikko Lehtonen.
0:45 of 1st period - Stopped by Josh Harding with a rebound.
0:47 of 1st period - Slapshot by Bryan Young.
0:47 of 1st period - Stopped by Josh Harding without a rebound.
0:48 of 1st period - Maxime Sauvé wins face-off versus Vladimir Sobotka in Inferno zone.
0:57 of 1st period - Backhand shot by Maxime Sauvé.
0:57 of 1st period - Stopped by Josh Harding without a rebound.
0:58 of 1st period - Brian Boyle wins face-off versus Ben Holmstrom in Inferno zone.
0:58 of 1st period - Brian Boyle is hit by Dave Dziurzynski.
1:12 of 1st period - Wrist shot by Brian Boyle.
1:12 of 1st period - Deflect By Alex Berry.
1:12 of 1st period - Stopped by David LeNeveu without a rebound.
1:13 of 1st period - Patrik Berglund wins face-off versus Alexandre Bolduc in Gangsters zone.
1:20 of 1st period - Brad Marchand is hit by Igor Radulov and loses puck.
1:55 of 1st period - Icing by Travis Hamonic.
1:56 of 1st period - Vladimir Sobotka wins face-off versus Maxime Sauvé in Inferno zone.
2:22 of 1st period - Travis Hamonic is hit by Alexandre Bolduc and loses puck.
3:08 of 1st period - Minor Penalty to Matt Kassian for Holding.
3:09 of 1st period - Brian Boyle wins face-off versus Alexandre Bolduc in Inferno zone.
3:45 of 1st period - Wrist shot by Mikko Lehtonen.
3:45 of 1st period - Stopped by Josh Harding with a rebound.
5:08 of 1st period - Penalty to Matt Kassian is over, Matt Kassian is back on ice.
5:14 of 1st period - Andrej Sekera is hit by Maxime Sauvé.
5:18 of 1st period - Chris Bourque is hit by Andrej Sekera and loses puck.
5:30 of 1st period - Off-side.
5:31 of 1st period - Ben Holmstrom wins face-off versus Colin Wilson in neutral zone.
5:40 of 1st period - Ben Holmstrom is hit by Andrej Sekera and loses puck.
5:46 of 1st period - Icing by Maxime Sauvé.
5:47 of 1st period - Patrik Berglund wins face-off versus Ben Holmstrom in Gangsters zone.
5:48 of 1st period - Snap shot by Jonathan Ferland.
5:48 of 1st period - Stopped by David LeNeveu without a rebound.
5:49 of 1st period - Alexandre Bolduc wins face-off versus Patrik Berglund in Gangsters zone.
6:04 of 1st period - Slapshot by Brad Marchand.
6:04 of 1st period - Shot Blocked by Matt Delahey.
6:24 of 1st period - Icing by Jaroslav Balastik.
6:25 of 1st period - Patrik Berglund wins face-off versus Artem Anisimov in Gangsters zone.
7:02 of 1st period - Off-side.
7:03 of 1st period - Alexandre Bolduc wins face-off versus Vladimir Sobotka in neutral zone.
7:32 of 1st period - Minor Penalty to Simon Danis-Pepin for Hooking.
7:33 of 1st period - Alexandre Bolduc wins face-off versus Brian Boyle in Inferno zone.
7:39 of 1st period - Snap shot by Alexandre Bolduc.
7:39 of 1st period - Shot Misses the Net.
7:41 of 1st period - Snap shot by Bryan Young.
7:41 of 1st period - Stopped by Josh Harding without a rebound.
7:42 of 1st period - Alexandre Bolduc wins face-off versus Brian Boyle in Inferno zone.
8:17 of 1st period - Snap shot by Ryan Jones.
8:17 of 1st period - Shot Blocked by Andrej Sekera.
8:19 of 1st period - Snap shot by Shaun Heska.
8:19 of 1st period - Shot Blocked by Travis Hamonic.
8:21 of 1st period - Snap shot by Igor Radulov.
8:21 of 1st period - Shot Blocked by Andrej Sekera.
8:23 of 1st period - Slapshot by Bryan Young.
8:23 of 1st period - Stopped by Josh Harding without a rebound.
8:24 of 1st period - Vladimir Sobotka wins face-off versus Artem Anisimov in Inferno zone.
9:32 of 1st period - Penalty to Simon Danis-Pepin is over, Simon Danis-Pepin is back on ice.
9:45 of 1st period - Backhand shot by Stephane Veilleux.
9:45 of 1st period - Shot Misses the Net.
9:47 of 1st period - Snap shot by Yannick Weber.
9:47 of 1st period - Shot Blocked by Maxime Sauvé.
9:53 of 1st period - Slapshot by Stephane Veilleux.
9:53 of 1st period - Shot Misses the Net.
10:42 of 1st period - Icing by Igor Radulov.
10:43 of 1st period - Maxime Sauvé wins face-off versus Vladimir Sobotka in Gangsters zone.
11:14 of 1st period - Wrist shot by Brad Marchand.
11:14 of 1st period - Shot Misses the Net.
11:41 of 1st period - Wrist shot by Brian Boyle.
11:41 of 1st period - Shot Misses the Net.
11:53 of 1st period - Snap shot by Colin Wilson.
11:53 of 1st period - Stopped by David LeNeveu with a rebound.
11:55 of 1st period - Slapshot by Yannick Weber.
11:55 of 1st period - Stopped by David LeNeveu with a rebound.
11:57 of 1st period - Snap shot by Colin Wilson.
11:57 of 1st period - Stopped by David LeNeveu with a rebound.
12:07 of 1st period - Wrist shot by Igor Radulov.
12:07 of 1st period - Stopped by Josh Harding with a rebound.
12:53 of 1st period - Snap shot by Maxime Sauvé.
12:53 of 1st period - Shot Misses the Net.
13:43 of 1st period - Wrist shot by Vladimir Sobotka.
13:43 of 1st period - Goal by Vladimir Sobotka - Inferno : 1 - Gangsters : 0.
13:44 of 1st period - Alexandre Bolduc wins face-off versus Patrik Berglund in neutral zone.
14:18 of 1st period - Snap shot by Pavel Vorobiev.
14:18 of 1st period - Goal by Pavel Vorobiev - Inferno : 2 - Gangsters : 0.
14:19 of 1st period - Alexandre Bolduc wins face-off versus Patrik Berglund in neutral zone.
14:44 of 1st period - Andrej Sekera is hit by Jaroslav Balastik.
15:12 of 1st period - Snap shot by Maxime Sauvé.
15:12 of 1st period - Shot Blocked by Yannick Weber.
15:36 of 1st period - Minor Penalty to Matt Kassian for Elbowing.
15:37 of 1st period - Brian Boyle wins face-off versus Alexandre Bolduc in Inferno zone.
15:37 of 1st period - Brian Boyle is hit by Igor Radulov.
16:47 of 1st period - Alexandre Bolduc is hit by Jonathan Ferland.
17:36 of 1st period - Penalty to Matt Kassian is over, Matt Kassian is back on ice.
17:49 of 1st period - Icing by Vladimir Sobotka.
17:50 of 1st period - Vladimir Sobotka wins face-off versus Chris Bourque in Inferno zone.
17:57 of 1st period - Ville Koistinen is hit by Vladimir Sobotka and loses puck.
18:14 of 1st period - David Ullstrom is hit by Maxime Sauvé and loses puck.
18:51 of 1st period - Wrist shot by Maxime Sauvé.
18:51 of 1st period - Stopped by Josh Harding without a rebound.
18:52 of 1st period - Alexandre Bolduc wins face-off versus Patrik Berglund in Inferno zone.
18:53 of 1st period - Backhand shot by Igor Radulov.
18:53 of 1st period - Stopped by Josh Harding without a rebound.
18:54 of 1st period - Alexandre Bolduc wins face-off versus Patrik Berglund in Inferno zone.
19:29 of 1st period - Wrist shot by Mikko Lehtonen.
19:29 of 1st period - Shot Misses the Net.
19:35 of 1st period - Minor Penalty to Stephane Veilleux for Hooking.
19:36 of 1st period - Alexandre Bolduc wins face-off versus Brian Boyle in Inferno zone.
19:41 of 1st period - Snap shot by Igor Radulov.
19:41 of 1st period - Shot Hit the Post.
19:43 of 1st period - Slapshot by Bryan Young.
19:43 of 1st period - Shot Blocked by Andrej Sekera.
19:49 of 1st period - Snap shot by Alexandre Bolduc.
19:49 of 1st period - Stopped by Josh Harding without a rebound.
19:50 of 1st period - Brian Boyle wins face-off versus Alexandre Bolduc in Inferno zone.
Goals for this period are 2 for Inferno vs 0 for Gangsters.
Shots for this period are 7 for Inferno vs 10 for Gangsters.
2nd period
0:01 of 2nd period - Brian Boyle wins face-off versus Alexandre Bolduc in neutral zone.
0:04 of 2nd period - Slapshot by Andrej Sekera.
0:04 of 2nd period - Shot Blocked by Alexandre Bolduc.
0:12 of 2nd period - Snap shot by Alexandre Bolduc.
0:12 of 2nd period - Goal by Alexandre Bolduc - Inferno : 2 - Gangsters : 1.
0:13 of 2nd period - Patrik Berglund wins face-off versus Alexandre Bolduc in neutral zone.
0:22 of 2nd period - Snap shot by Igor Radulov.
0:22 of 2nd period - Deflect By Ryan Jones.
0:22 of 2nd period - Stopped by Josh Harding with a rebound.
0:27 of 2nd period - Icing by Patrik Berglund.
0:28 of 2nd period - Patrik Berglund wins face-off versus Alexandre Bolduc in Inferno zone.
0:34 of 2nd period - Off-side.
0:35 of 2nd period - Alexandre Bolduc wins face-off versus Brad Marchand in neutral zone.
1:09 of 2nd period - Wrist shot by Stephane Veilleux.
1:09 of 2nd period - Shot Blocked by Matt Delahey.
1:11 of 2nd period - Slapshot by Colin Wilson.
1:11 of 2nd period - Stopped by David LeNeveu with a rebound.
1:33 of 2nd period - Snap shot by Vladimir Zharkov.
1:33 of 2nd period - Shot Blocked by Colten Teubert.
1:45 of 2nd period - Wrist shot by Igor Radulov.
1:45 of 2nd period - Stopped by Josh Harding with a rebound.
1:56 of 2nd period - Brendan Mikkelson is hit by Matt Delahey and loses puck.
2:11 of 2nd period - Slapshot by Yannick Weber.
2:11 of 2nd period - Stopped by David LeNeveu with a rebound.
2:13 of 2nd period - Wrist shot by Brian Boyle.
2:13 of 2nd period - Deflect By Matt Kassian.
2:13 of 2nd period - Stopped by David LeNeveu with a rebound.
2:15 of 2nd period - Snap shot by Matt Kassian.
2:15 of 2nd period - Shot Hit the Post.
2:27 of 2nd period - Snap shot by Brian Boyle.
2:27 of 2nd period - Stopped by David LeNeveu with a rebound.
2:29 of 2nd period - Wrist shot by Alex Berry.
2:29 of 2nd period - Shot Misses the Net.
2:47 of 2nd period - Slapshot by Matt Kassian.
2:47 of 2nd period - Stopped by David LeNeveu with a rebound.
2:59 of 2nd period - Slapshot by Yannick Weber.
2:59 of 2nd period - Shot Misses the Net.
3:01 of 2nd period - Snap shot by Brendan Mikkelson.
3:01 of 2nd period - Shot Misses the Net.
3:03 of 2nd period - Slapshot by Yannick Weber.
3:03 of 2nd period - Stopped by David LeNeveu with a rebound.
3:05 of 2nd period - Slapshot by Brendan Mikkelson.
3:05 of 2nd period - Shot Hit the Post.
3:07 of 2nd period - Snap shot by Matt Kassian.
3:07 of 2nd period - Shot Misses the Net.
3:09 of 2nd period - Slapshot by Brendan Mikkelson.
3:09 of 2nd period - Shot Blocked by Matt Delahey.
3:11 of 2nd period - Snap shot by Brendan Mikkelson.
3:11 of 2nd period - Stopped by David LeNeveu without a rebound.
3:12 of 2nd period - Patrik Berglund wins face-off versus Artem Anisimov in Gangsters zone.
3:33 of 2nd period - Minor Penalty to Mikko Lehtonen for Interference.
3:34 of 2nd period - Dave Dziurzynski wins face-off versus Patrik Berglund in Gangsters zone.
3:49 of 2nd period - Wrist shot by Patrik Berglund.
3:49 of 2nd period - Shot Blocked by Shaun Heska.
4:04 of 2nd period - Bryan Young is hit by Andrej Sekera and loses puck.
4:37 of 2nd period - Brendan Mikkelson is hit by Chris Bourque and loses puck.
5:33 of 2nd period - Penalty to Mikko Lehtonen is over, Mikko Lehtonen is back on ice.
6:13 of 2nd period - Yannick Weber is hit by Richard Panik and loses puck.
7:14 of 2nd period - Michael Sdao is hit by Vladimir Zharkov and loses puck.
7:41 of 2nd period - Minor Penalty to Brian Boyle for Goalie Interference.
7:42 of 2nd period - Alexandre Bolduc wins face-off versus Brad Marchand in Inferno zone.
9:40 of 2nd period - Brendan Mikkelson is hit by Shaun Heska and loses puck.
9:41 of 2nd period - Penalty to Brian Boyle is over, Brian Boyle is back on ice.
9:54 of 2nd period - Off-side.
9:55 of 2nd period - Vladimir Sobotka wins face-off versus Maxime Sauvé in neutral zone.
10:03 of 2nd period - Vladimir Zharkov is hit by Chris Bourque and loses puck.
10:20 of 2nd period - Snap shot by Chris Bourque.
10:20 of 2nd period - Shot Blocked by Yannick Weber.
10:22 of 2nd period - Snap shot by Maxime Sauvé.
10:22 of 2nd period - Stopped by Josh Harding without a rebound.
10:23 of 2nd period - Colin Wilson wins face-off versus Alexandre Bolduc in Inferno zone.
10:23 of 2nd period - Stephane Veilleux is hit by Igor Radulov and loses puck.
11:49 of 2nd period - Snap shot by Jaroslav Balastik.
11:49 of 2nd period - Shot Blocked by Vladimir Zharkov.
11:58 of 2nd period - Minor Penalty to Michael Sdao for Holding.
11:59 of 2nd period - Igor Radulov wins face-off versus Patrik Berglund in Gangsters zone.
11:59 of 2nd period - Igor Radulov is hit by Patrik Berglund.
12:10 of 2nd period - Slapshot by Igor Radulov.
12:10 of 2nd period - Stopped by Josh Harding without a rebound.
12:11 of 2nd period - Patrik Berglund wins face-off versus Igor Radulov in Inferno zone.
12:24 of 2nd period - Wrist shot by Brad Marchand.
12:24 of 2nd period - Shot Misses the Net.
12:26 of 2nd period - Snap shot by Travis Hamonic.
12:26 of 2nd period - Deflect By Patrik Berglund.
12:26 of 2nd period - Stopped by David LeNeveu with a rebound.
12:41 of 2nd period - Wrist shot by Colin Wilson.
12:41 of 2nd period - Stopped by David LeNeveu with a rebound.
12:43 of 2nd period - Slapshot by Travis Hamonic.
12:43 of 2nd period - Inferno goal is going for a video replay.
12:43 of 2nd period - The goal is good.
12:43 of 2nd period - Goal by Travis Hamonic - Inferno : 3 - Gangsters : 1.
12:44 of 2nd period - Alexandre Bolduc wins face-off versus Patrik Berglund in neutral zone.
12:53 of 2nd period - Minor Penalty to Jonathan Ferland for Hooking.
12:54 of 2nd period - Brian Boyle wins face-off versus Alexandre Bolduc in Inferno zone.
13:03 of 2nd period - Slapshot by Ryan Jones.
13:03 of 2nd period - Shot Misses the Net.
13:05 of 2nd period - Slapshot by Shaun Heska.
13:05 of 2nd period - Deflect By Igor Radulov.
13:05 of 2nd period - Shot Misses the Net.
13:05 of 2nd period - Puck is out of play.
13:06 of 2nd period - Ryan Jones wins face-off versus Brian Boyle in Inferno zone.
13:13 of 2nd period - Slapshot by Igor Radulov.
13:13 of 2nd period - Shot Blocked by Travis Hamonic.
13:15 of 2nd period - Backhand shot by Igor Radulov.
13:15 of 2nd period - Stopped by Josh Harding with a rebound.
13:17 of 2nd period - Wrist shot by Ryan Jones.
13:17 of 2nd period - Stopped by Josh Harding with a rebound.
13:19 of 2nd period - Snap shot by Ryan Jones.
13:19 of 2nd period - Goal by Ryan Jones - Inferno : 3 - Gangsters : 2.
13:20 of 2nd period - Alexandre Bolduc wins face-off versus Patrik Berglund in neutral zone.
13:58 of 2nd period - Slapshot by David Ullstrom.
13:58 of 2nd period - Stopped by David LeNeveu with a rebound.
14:10 of 2nd period - Minor Penalty to Yannick Weber for Hooking.
14:11 of 2nd period - Artem Anisimov wins face-off versus Brian Boyle in Inferno zone.
14:19 of 2nd period - Snap shot by Mikko Lehtonen.
14:19 of 2nd period - Shot Misses the Net.
14:21 of 2nd period - Backhand shot by Artem Anisimov.
14:21 of 2nd period - Shot Blocked by Andrej Sekera.
14:23 of 2nd period - Snap shot by Jaroslav Balastik.
14:23 of 2nd period - Stopped by Josh Harding with a rebound.
14:25 of 2nd period - Slapshot by Mikko Lehtonen.
14:25 of 2nd period - Shot Misses the Net.
14:27 of 2nd period - Slapshot by Colten Teubert.
14:27 of 2nd period - Goal by Colten Teubert - Inferno : 3 - Gangsters : 3.
14:28 of 2nd period - Alexandre Bolduc wins face-off versus Brad Marchand in neutral zone.
15:02 of 2nd period - Snap shot by Stephane Veilleux.
15:02 of 2nd period - Stopped by David LeNeveu with a rebound.
15:20 of 2nd period - Slapshot by Andrej Sekera.
15:20 of 2nd period - Stopped by David LeNeveu with a rebound.
15:22 of 2nd period - Slapshot by Andrej Sekera.
15:22 of 2nd period - Shot Blocked by Michael Sdao.
15:24 of 2nd period - Slapshot by Travis Hamonic.
15:24 of 2nd period - Shot Misses the Net.
15:38 of 2nd period - Slapshot by Brian Boyle.
15:38 of 2nd period - Shot Misses the Net.
15:40 of 2nd period - Wrist shot by Matt Kassian.
15:40 of 2nd period - Stopped by David LeNeveu with a rebound.
16:06 of 2nd period - Wrist shot by Stephane Veilleux.
16:06 of 2nd period - Deflect By Pavel Vorobiev.
16:06 of 2nd period - Stopped by David LeNeveu without a rebound.
16:07 of 2nd period - Artem Anisimov wins face-off versus Brad Marchand in Gangsters zone.
16:14 of 2nd period - Slapshot by Bryan Young.
16:14 of 2nd period - Shot Blocked by Brendan Mikkelson.
16:16 of 2nd period - Slapshot by Shaun Heska.
16:16 of 2nd period - Stopped by Josh Harding with a rebound.
16:32 of 2nd period - Brendan Mikkelson is hit by Chris Bourque and loses puck.
17:09 of 2nd period - Snap shot by Jaroslav Balastik.
17:09 of 2nd period - Stopped by Josh Harding with a rebound.
17:11 of 2nd period - Slapshot by Matt Delahey.
17:11 of 2nd period - Shot Misses the Net.
17:13 of 2nd period - Slapshot by Colten Teubert.
17:13 of 2nd period - Stopped by Josh Harding with a rebound.
17:47 of 2nd period - Snap shot by Igor Radulov.
17:47 of 2nd period - Shot Blocked by Pavel Vorobiev.
17:49 of 2nd period - Snap shot by Igor Radulov.
17:49 of 2nd period - Stopped by Josh Harding with a rebound.
18:14 of 2nd period - Slapshot by Travis Hamonic.
18:14 of 2nd period - Shot Blocked by Michael Sdao.
18:51 of 2nd period - Travis Hamonic is hit by Richard Panik and loses puck.
19:16 of 2nd period - Brad Marchand is hit by Bryan Young.
Goals for this period are 1 for Inferno vs 3 for Gangsters.
Shots for this period are 15 for Inferno vs 14 for Gangsters.
3rd period
0:01 of 3rd period - Alexandre Bolduc wins face-off versus Patrik Berglund in neutral zone.
0:51 of 3rd period - Vladimir Sobotka is hit by Dave Dziurzynski and loses puck.
1:08 of 3rd period - Slapshot by Ville Koistinen.
1:08 of 3rd period - Shot Misses the Net.
1:10 of 3rd period - Snap shot by Richard Panik.
1:10 of 3rd period - Stopped by Josh Harding without a rebound.
1:11 of 3rd period - Artem Anisimov wins face-off versus Brian Boyle in Inferno zone.
1:22 of 3rd period - Wrist shot by Brian Boyle.
1:22 of 3rd period - Shot Misses the Net.
1:24 of 3rd period - Wrist shot by Simon Danis-Pepin.
1:24 of 3rd period - Stopped by David LeNeveu with a rebound.
1:26 of 3rd period - Wrist shot by Matt Kassian.
1:26 of 3rd period - Stopped by David LeNeveu with a rebound.
1:28 of 3rd period - Snap shot by Mark Mitera.
1:28 of 3rd period - Deflect By Brian Boyle.
1:28 of 3rd period - Shot Blocked by Shaun Heska.
1:28 of 3rd period - Puck is out of play.
1:29 of 3rd period - Alexandre Bolduc wins face-off versus Patrik Berglund in Gangsters zone.
1:31 of 3rd period - Major / Game Misconduct Penalty to Igor Radulov for Unsportsmanlike conduct.
1:31 of 3rd period - Igor Radulov is ejected from game.
1:32 of 3rd period - Dave Dziurzynski wins face-off versus Patrik Berglund in Gangsters zone.
1:32 of 3rd period - Dave Dziurzynski is hit by Brad Marchand.
4:04 of 3rd period - Wrist shot by Brian Boyle.
4:04 of 3rd period - Stopped by David LeNeveu with a rebound.
4:06 of 3rd period - Backhand shot by Brendan Mikkelson.
4:06 of 3rd period - Shot Misses the Net.
4:22 of 3rd period - Matt Delahey is hit by Travis Hamonic and loses puck.
5:52 of 3rd period - Ville Koistinen is hit by Mark Mitera and loses puck.
6:14 of 3rd period - Colten Teubert is hit by Pavel Vorobiev and loses puck.
6:31 of 3rd period - Penalty to Igor Radulov is over, Richard Panik is send on ice.
7:53 of 3rd period - Simon Danis-Pepin is hit by Alexandre Bolduc and loses puck.
10:18 of 3rd period - Icing by Ville Koistinen.
10:19 of 3rd period - Brian Boyle wins face-off versus Maxime Sauvé in Gangsters zone.
10:44 of 3rd period - Ryan Jones is hit by Simon Danis-Pepin and loses puck.
11:30 of 3rd period - Bryan Young is hit by Brad Marchand and loses puck.
11:49 of 3rd period - Maxime Sauvé is hit by Vladimir Sobotka and loses puck.
12:22 of 3rd period - Ben Holmstrom is hit by Pavel Vorobiev and loses puck.
13:28 of 3rd period - Wrist shot by Artem Anisimov.
13:28 of 3rd period - Deflect By Jaroslav Balastik.
13:28 of 3rd period - Shot Blocked by Patrik Berglund.
13:28 of 3rd period - Puck is out of play.
13:29 of 3rd period - Artem Anisimov wins face-off versus Patrik Berglund in Inferno zone.
13:38 of 3rd period - Snap shot by Patrik Berglund.
13:38 of 3rd period - Shot Hit the Post.
13:40 of 3rd period - Snap shot by Jonathan Ferland.
13:40 of 3rd period - Deflect By Brad Marchand.
13:40 of 3rd period - Shot Blocked by Jaroslav Balastik.
13:40 of 3rd period - Puck is out of play.
13:41 of 3rd period - Patrik Berglund wins face-off versus Alexandre Bolduc in Gangsters zone.
13:51 of 3rd period - Minor Penalty to Ryan Jones for Roughing.
13:52 of 3rd period - Dave Dziurzynski wins face-off versus Patrik Berglund in Gangsters zone.
14:01 of 3rd period - Slapshot by Andrej Sekera.
14:01 of 3rd period - Stopped by David LeNeveu without a rebound.
14:02 of 3rd period - Patrik Berglund wins face-off versus Dave Dziurzynski in Gangsters zone.
14:05 of 3rd period - Slapshot by Patrik Berglund.
14:05 of 3rd period - Stopped by David LeNeveu without a rebound.
14:06 of 3rd period - Patrik Berglund wins face-off versus Dave Dziurzynski in Gangsters zone.
15:00 of 3rd period - Colten Teubert is hit by Patrik Berglund and loses puck.
15:49 of 3rd period - Matt Delahey is hit by Patrik Berglund and loses puck.
15:51 of 3rd period - Penalty to Ryan Jones is over, Ryan Jones is back on ice.
15:59 of 3rd period - Minor Penalty to Brian Boyle for Hooking.
16:00 of 3rd period - Colin Wilson wins face-off versus Artem Anisimov in Inferno zone.
16:56 of 3rd period - Wrist shot by Jaroslav Balastik.
16:56 of 3rd period - Stopped by Josh Harding without a rebound.
16:57 of 3rd period - Colin Wilson wins face-off versus Artem Anisimov in Inferno zone.
17:38 of 3rd period - Chris Bourque is hit by Brendan Mikkelson and loses puck.
17:59 of 3rd period - Penalty to Brian Boyle is over, Brian Boyle is back on ice.
18:09 of 3rd period - Wrist shot by Vladimir Zharkov.
18:09 of 3rd period - Shot Blocked by Colten Teubert.
18:11 of 3rd period - Slapshot by Travis Hamonic.
18:11 of 3rd period - Deflect By David Ullstrom.
18:11 of 3rd period - Shot Blocked by Matt Delahey.
18:11 of 3rd period - Puck is out of play.
18:12 of 3rd period - Vladimir Sobotka wins face-off versus Artem Anisimov in Gangsters zone.
18:20 of 3rd period - Minor Penalty to Mikko Lehtonen for Hooking.
18:21 of 3rd period - Patrik Berglund wins face-off versus Dave Dziurzynski in Gangsters zone.
18:27 of 3rd period - Snap shot by Patrik Berglund.
18:27 of 3rd period - Shot Misses the Net.
18:29 of 3rd period - Slapshot by Andrej Sekera.
18:29 of 3rd period - Shot Blocked by Jaroslav Balastik.
18:33 of 3rd period - Snap shot by Brad Marchand.
18:33 of 3rd period - Shot Blocked by Dave Dziurzynski.
18:35 of 3rd period - Snap shot by Jonathan Ferland.
18:35 of 3rd period - Shot Misses the Net.
18:37 of 3rd period - Wrist shot by Travis Hamonic.
18:37 of 3rd period - Shot Misses the Net.
18:48 of 3rd period - Icing by Andrej Sekera.
18:49 of 3rd period - Colin Wilson wins face-off versus Chris Bourque in Inferno zone.
Goals for this period are 0 for Inferno vs 0 for Gangsters.
Shots for this period are 5 for Inferno vs 2 for Gangsters.
Overtime #1
0:01 of 1st overtime period - Dave Dziurzynski wins face-off versus Patrik Berglund in neutral zone.
0:06 of 1st overtime period - Travis Hamonic is hit by Dave Dziurzynski and loses puck.
0:20 of 1st overtime period - Penalty to Mikko Lehtonen is over, Mikko Lehtonen is back on ice.
0:25 of 1st overtime period - Patrik Berglund is hit by Maxime Sauvé.
1:18 of 1st overtime period - Slapshot by Chris Bourque.
1:18 of 1st overtime period - Stopped by Josh Harding without a rebound.
1:19 of 1st overtime period - Brian Boyle wins face-off versus Alexandre Bolduc in Inferno zone.
2:24 of 1st overtime period - Colten Teubert is hit by Stephane Veilleux and loses puck.
2:36 of 1st overtime period - Snap shot by Alexandre Bolduc.
2:36 of 1st overtime period - Goal by Alexandre Bolduc - Inferno : 3 - Gangsters : 4.
Goals for this period are 0 for Inferno vs 1 for Gangsters.
Shots for this period are 0 for Inferno vs 2 for Gangsters.
Output by the SimonT Hockey Simulator (STHS) for François Prévost -- Original Page W3C XHTML 1.0 Valid